 Dungeon Crawl Stone Soup version 0.30-a0-956-gcec3b41aec (webtiles) character file.

Game seed: 2461290809885484012

56 Demosthentine the Ducker (level 3, -3/28 HPs)
             Began as a Demonspawn Gladiator on Mar 29, 2023.
             Slain by Sigmund
             ... wielding a +0 scythe of flaming
              (4 damage)
             ... on level 2 of the Dungeon.
             The game lasted 00:02:10 (1238 turns).

Demosthentine the Ducker (Demonspawn Gladiator)     Turns: 1238, Time: 00:02:10

Health: -3/28      AC:  5    Str: 16    XL:     3   Next: 69%
Magic:  3/3        EV: 14    Int:  9    God:
Gold:   58         SH:  0    Dex: 14    Spells: 2/2 levels left

rFire   . . .      SeeInvis .    a - +0 trident
rCold   . . .      Faith    .    (no shield)
rNeg    . . .      Spirit   .    b - +0 leather armour
rPois   .          Reflect  .    c - +1 helmet
rElec   .          Rampage  .    (no cloak)
rCorr   .                        (no gloves)
Will    .....                    (no boots)
Stlth   +                        (no amulet)
HPRegen 0.24/turn                (no ring)
MPRegen 0.08/turn                (no ring)

@: no status effects
A: repulsion field 1
a: no special abilities


You were on level 2 of the Dungeon.
You visited 1 branch of the dungeon, and saw 2 of its levels.

You collected 58 gold pieces.

Inventory:

Hand Weapons
 a - a +0 trident (weapon)
Missiles
 e - a javelin (quivered)
Armour
 b - a +0 leather armour (worn)
 c - a +1 helmet (worn)
Wands
 i - a wand of charming (8)
Scrolls
 f - 2 scrolls of identify
 h - a scroll of teleportation {unknown}
Potions
 g - a potion of berserk rage
 j - a potion of flight {unknown}
 k - a potion of mutation {unknown}


   Skills:
 + Level 2.7 Fighting
 + Level 3.1 Polearms
 - Level 1.7 Throwing
 + Level 1.2 Armour
 + Level 3.1 Dodging


You had 2 spell levels left.
You didn't know any spells.
Your spell library contained the following spells:

 Spells                   Type           Power      Damage    Failure   Level
 Kiss of Death            Conj/Necr      0%         2d5       45%         1
 Magic Dart               Conj           0%         1d3       45%         1
 Sandblast                Erth           0%         2d4       45%         1
 Ensorcelled Hibernation  Hex/Ice        0%         N/A       58%         2
 Passwall                 Tmut/Erth      0%         N/A       58%         2
 Dazzling Flash           Conj/Hex       0%         N/A       83%         3
 Hailstorm                Conj/Ice       0%         3d3       83%         3
 Stone Arrow              Conj/Erth      0%         3d7       83%         3


Dungeon Overview and Level Annotations

Branches:
Dungeon (2/15)

Altars:

Annotations:
D:2 Sigmund


Innate Abilities, Weirdness & Mutations

You are surrounded by a mild repulsion field. (EV +2)


Message History

Throw: 2 throwing nets
Press: ? - help, Q - select action, (/) - cycle Shift-Dir - straight line, f - Sigmund
Aim: Sigmund, wielding a +0 scythe of flaming and wearing a +0 robe (55% to hit)
You throw a throwing net. The throwing net barely misses Sigmund.
Throw: throwing net
Press: ? - help, Q - select action, (/) - cycle Shift-Dir - straight line, f/p - Sigmund
Aim: Sigmund, wielding a +0 scythe of flaming and wearing a +0 robe (55% to hit)
You throw a throwing net. The throwing net hits Sigmund.
Sigmund is caught in the net!
Sigmund struggles against the net.
You reach to attack!
You hit Sigmund but do no damage.
Sigmund casts a spell.
Sigmund flickers and vanishes!
Deactivating autopickup; reactivate with Ctrl-A.
Something wriggles in the net.
No target in view!
No target in view!
No target in view!
No target in view!
Unknown command.
You hit something.
You hear some strange, mumbled words.
Something tries to affect you, but you resist.
Something wriggles in the net.
You barely miss something.
Something wriggles in the net.
You barely miss something.
Something wriggles in the net.
All of a sudden the net rips apart!
You barely miss something. Something hits you but does no damage.
You hit something.
You hear some strange, mumbled words.
A magic dart appears from out of thin air!
The magic dart hits you!
You miss something. Something hits you. Something burns you.
You miss something.
Unknown command.
You miss something. Something hits you. Something burns you.
You completely miss something. Something hits you!
* * * LOW HITPOINT WARNING * * *
Something burns you.
You die...

.....# #.##..#....# . .#...#
#....#####.# ##.. .....##
###@....# ...... ..)...#####
#.###.####....#
#.........######.# #.........#
.............{B..# ###....####
..#######..#########..........
###)...#........{(.........###
#...##.#.#.#####@.#........#
#.#.##.#.#..# #<...........#
#.#.##...##.####......#+##.#
#.#########..#....#..##.. .#
#.## #.......#....# # #..#
##>.#.#....#.# ##.#
#####.....#......# ##.#
#..†#..#..#.....## ...#
#...#..#..#.###.#


There were no monsters in sight!

Vanquished Creatures
  6 endoplasms
  5 giant cockroaches
  4 goblins
  5 hobgoblins
  4 jackals (D:1)
  2 kobolds
  4 quokkas (D:1)
  4 ball pythons
  6 bats
  4 frilled lizards
  2 rats (D:1)
46 creatures vanquished.

Notes
Turn   | Place    | Note
-------+----------+-------------------------------------------
     0 | D:1      | Demosthentine the Demonspawn Gladiator began the quest for
                  | the Orb.
     0 | D:1      | Reached XP level 1. HP: 16/16 MP: 1/1
   168 | D:1      | Gained mutation: You are surrounded by a mild repulsion
                  | field. (EV +2) [demonic ancestry]
   168 | D:1      | Reached XP level 2. HP: 22/22 MP: 2/2
   578 | D:1      | Reached XP level 3. HP: 23/28 MP: 3/3
   628 | D:1      | Reached skill level 1 in Armour
   712 | D:1      | Got the Anthology of Percussion and Glaciation
   794 | D:2      | Noticed Sigmund
  1238 | D:2      | HP: 1/28 [something (10)]
  1238 | D:2      | Slain by Sigmund

Illustrated notes

Levels and vault maps discovered:
D:1:      matt_arrival_grand_opening, layout_loops_ring, roderic_roman_lattice
D:2:      layout_basic, uniq_natasha, uniq_sigmund

Skill      XL: |  1  2  3 |
---------------+----------+-----
Dodging        | 3 |  3.1
Polearms       | 3 |  3.1
Armour         | 1 |  1.2
Fighting       | |  2.7
Throwing       | |  1.7

Action                     || total
---------------------------++-------
  Melee: Trident           ||   142
         Punch             ||     1
  Throw: Throwing net      ||     3
    Use: Scroll            ||     3
   Stab: Sleeping          ||     6
 Armour: Leather armour    ||    34
  Dodge: Dodged            ||   103

Table legend: (Time is in decaauts)
 A = Elapsed time spent in this place.
 B = Non-inter-level travel time spent in this place.
 C = Inter-level travel time spent in this place.
 D = Time resting spent in this place.
 E = Time spent auto-exploring this place.
 F = Levels seen in this place.
 G = Mean time per level.
                   A        B        C        D        E       F      G
               +--------+--------+--------+--------+--------+-----+--------+
         Total |   1262 |   1239 |     23 |     60 |    820 |   2 |  631.0 |
       Dungeon |   1262 |   1239 |     23 |     60 |    820 |   2 |  631.0 |
               +--------+--------+--------+--------+--------+-----+--------+

Top non-repeatable levels by time:
     D:1: 913 daAuts
     D:2: 348 daAuts
